 Dungeon Crawl Stone Soup version 0.28.0-43-g3370ac3207 (webtiles) character file.

Game seed: 14770746765210683649

320 pkoi the Conjurer (level 6, -6/45 HPs)
             Began as a Draconian Conjurer on Mar 1, 2022.
             Mangled by a wyvern (16 damage)
             ... on level 5 of the Dungeon.
             The game lasted 00:05:33 (5050 turns).

pkoi the Conjurer (Draconian Conjurer)              Turns: 5050, Time: 00:05:34

Health: -6/45      AC:  8    Str:  9    XL:     6   Next: 22%
Magic:  0/9        EV: 12    Int: 21    God:
Gold:   180        SH:  0    Dex:  9    Spells: 3/10 levels left

rFire   . . .      SeeInvis .   h - +3 dagger (elec)
rCold   + . .      Faith    .   (no shield)
rNeg    . . .      Spirit   .   (armour unavailable)
rPois   .          Reflect  .   (helmet restricted)
rElec   .          Harm     .   k - +0 cloak
rCorr   .          Rampage  .   q - +0 pair of gloves
Will    .....                   (no boots)
Stlth   ++........              (no amulet)
HPRegen 0.15/turn               d - ring of protection from cold
MPRegen 0.11/turn               (no ring)

@: no status effects
A: AC +6, unfitting armour, cold-blooded
a: no special abilities


You were on level 5 of the Dungeon.
You visited 1 branch of the dungeon, and saw 5 of its levels.

You collected 180 gold pieces.

Inventory:

Hand Weapons
 b - a +1 spear of venom
 f - a +0 whip of electrocution
 h - a +3 dagger of electrocution (weapon)
 w - a +2 dagger of speed
Armour
 k - a +0 cloak (worn)
 q - a +0 pair of gloves (worn)
Jewellery
 d - a ring of protection from cold (left hand)
 g - an amulet of reflection
 s - a ring of poison resistance
Wands
 t - a wand of digging (4)
Scrolls
 e - 2 scrolls of immolation
 n - a scroll of enchant weapon
 p - a scroll of identify
 x - a scroll of enchant armour {unknown}
Potions
 a - a potion of brilliance
 c - 3 potions of curing {unknown}
 i - a potion of attraction
 j - a potion of flight {unknown}
 l - 2 potions of cancellation {unknown}
 m - a potion of invisibility {unknown}
 o - a potion of magic {unknown}
 r - a potion of haste {unknown}
 u - a potion of heal wounds {unknown}
 v - a potion of degeneration {unknown}


   Skills:
 + Level 2.3 Dodging
 - Level 1.7 Stealth
 + Level 2.5 Spellcasting
 * Level 6.6 Conjurations
 * Level 2.1 Translocations


You had 3 spell levels left.
You knew the following spells:

 Your Spells              Type           Power      Damage    Failure   Level
a - Magic Dart            Conj           100%       1d8       1%          1
b - Searing Ray           Conj           60%        2d6       1%          2
c - Iskenderun's Mystic   Conj/Tloc      21%        2d6       22%         4

Your spell library contained the following spells:

 Spells                   Type           Power      Damage    Failure   Level
 Foxfire                  Conj/Fire      64%        2x1d7     3%          1
 Conjure Flame            Conj/Fire      16%        6-21      11%         3
 Dazzling Flash           Conj/Hex       32%        N/A       11%         3
 Ensorcelled Hibernation  Hex/Ice        4%         N/A       22%         2
 Sublimation of Blood     Necr           2%         N/A       22%         2
 Wereblood                Tmut           2%         N/A       22%         2
 Inner Flame              Hex/Fire       2%         N/A       38%         3
 Spider Form              Tmut/Pois      2%         N/A       38%         3
 Flame Wave               Conj/Fire      16%        2d6       34%         4
 Fulminant Prism          Conj/Hex       8%         3d7       34%         4
 Anguish                  Hex/Necr       1%         N/A       80%         4
 Excruciating Wounds      Necr           1%         N/A       98%         5
 Summon Hydra             Summ           1%         N/A       100%        7
 Borgnjor's Revivificati  Necr           1%         N/A       100%        8


Dungeon Overview and Level Annotations

Branches:
Dungeon (5/15)
 Temple: D:4-7

Altars:
Okawaru

Shops:
D:1 [

Annotations:
D:2 Terence
D:5 Dowan, Duvessa


Innate Abilities, Weirdness & Mutations

Your plain brown scales are hard. (AC +6)
You cannot fit into any form of body armour.
You are cold-blooded and may be slowed by cold attacks.


Message History

Aim: a wyvern (moderately wounded, 79% to hit)
The searing ray hits the wyvern.
The wyvern is heavily wounded. (Press . to maintain the ray.) Unknown command.
The searing ray misses the wyvern.
The searing ray hits the wyvern.
The wyvern is severely wounded.
The wyvern bites you.
The searing ray hits the wyvern!
The wyvern is almost dead.
You finish channelling your searing ray.
The wyvern barely misses you. The wyvern bites you!
* * * LOW HITPOINT WARNING * * *
Casting: Searing Ray (safe; 1% risk of failure)
Confirm with . or Enter, or press ? or * to list all spells.
Aiming: Searing Ray (safe; 1% risk of failure)
Press: ? - help, Shift-Dir - straight line, f/p - wyvern
Aim: a wyvern (almost dead, 79% to hit)
The searing ray misses the wyvern. (Press . to maintain the ray.)
The wyvern barely misses you.
Unknown command.
Without enough magic to sustain it, your searing ray dissipates.
The wyvern bites you!
* * * LOW HITPOINT WARNING * * *
The wyvern bites you!
* * * LOW HITPOINT WARNING * * *
Unknown command.
You barely miss the wyvern.
The wyvern is almost dead.
The wyvern completely misses you.
Aiming: Magic Dart (safe; 1% risk of failure)
Press: ? - help, Q - select action, (/) - cycle Shift-Dir - straight line, f/p - wyvern
Aim: a wyvern (almost dead, 100% to hit)
The magic dart hits the wyvern.
The wyvern is almost dead.
The wyvern bites you but does no damage.
The wyvern bites you!
You die...

#.. ##. #.. #.####
#... .....## . ....
#.....#.#
##..##.......##
.........#....
#...!.......
.####..@l..##... ..#
.............$# ....
..........##### ....
.........### .....
.#.........####.....
#...#..##...#......
#.....#####........
###..######........
###...###........####


You could see a wyvern.

Vanquished Creatures
  A scorpion (D:5)
  A jelly (D:4)
  A centaur skeleton (D:5)
  Natasha (twice) (D:2)
  2 orc wizards (D:5)
  2 adders (D:2)
  A dart slug (D:4)
  9 orcs (D:4)
  4 ball pythons
  8 endoplasms
  2 giant cockroaches
  8 hobgoblins
  3 jackals (D:2)
  8 kobolds
  3 quokkas
  8 bats
  2 frilled lizards
  7 goblins
  3 rats
75 creatures vanquished.

Notes
Turn   | Place    | Note
-------+----------+-------------------------------------------
     0 | D:1      | pkoi the Draconian Conjurer began the quest for the Orb.
     0 | D:1      | Reached XP level 1. HP: 14/14 MP: 3/3
   230 | D:1      | Found Doimonou's Antique Armour Emporium.
   279 | D:1      | Reached XP level 2. HP: 11/20 MP: 0/5
   420 | D:1      | Learned a level 2 spell: Searing Ray
   887 | D:2      | Got Biengav's Papyrus of Stolen Souls
   970 | D:2      | Reached skill level 5 in Conjurations
  1026 | D:2      | Found an iron altar of Okawaru.
  1047 | D:2      | Reached XP level 3. HP: 26/26 MP: 4/6
  1173 | D:2      | Noticed Natasha
  1177 | D:2      | Killed Natasha
  1301 | D:2      | Noticed Terence
  1461 | D:2      | Reached XP level 4. HP: 33/33 MP: 4/7
  1890 | D:2      | Noticed Natasha
  1896 | D:2      | Killed Natasha
  1897 | D:2      | Reached skill level 6 in Conjurations
  2161 | D:3      | Found a faded altar of an unknown god.
  2186 | D:3      | Learned a level 4 spell: Iskenderun's Mystic Blast
  3106 | D:4      | Reached XP level 5. HP: 38/38 MP: 3/8
  3885 | D:5      | Entered Level 5 of the Dungeon
  3886 | D:5      | Noticed a wyvern
  3938 | D:4      | Reached skill level 1 in Translocations
  4625 | D:5      | Noticed Duvessa
  4625 | D:5      | Noticed Dowan
  4772 | D:5      | Reached XP level 6. HP: 45/45 MP: 2/9
  5050 | D:5      | Mangled by a wyvern

Illustrated notes

Levels and vault maps discovered:
D:1:      lemuel_arrival_river_ford, layout_basic, serial_shops,
          nicolae_shop_hallway_plus
D:2:      layout_loops_ring, basic_altar, uniq_natasha, uniq_terence
D:3:      layout_basic, hellmonk_ecumenical_altar_blasted,
          kennysheep_generic_room_13
D:4:      layout_basic
D:5:      layout_rooms, uniq_duvessa, uniq_blork_the_orc, uniq_menkaure

Skill      XL: |  1  2  3  4  5 |
---------------+----------------+-----
Conjurations   | 5 6 |  6.6
Dodging        | 2 |  2.3
Translocations | 2 |  2.1
Stealth        | |  1.7
Spellcasting   | |  2.5

Action                   |  1- 3 |  4- 6 || total
-------------------------+-------+-------++-------
Melee: Whip              |     5 |       ||     5
       Dagger            |       |     7 ||     7
       Tailslap          |       |     1 ||     1
 Cast: Magic Dart        |    59 |    84 ||   143
       Searing Ray       |       |     5 ||     5
  Use: Potion            |     1 |       ||     1
       Scroll            |     3 |       ||     3
Armor: Skin              |     3 |    10 ||    13
Dodge: Dodged            |     5 |    13 ||    18
